 Dungeon Crawl Stone Soup version 0.25.1-4-g9407a263a5 (webtiles) character file.

Game seed: 15168258732729906184

53 Clowwww the Chopper (level 3, -8/27 HPs)
             Began as a Demonspawn Gladiator on Nov 27, 2020.
             Killed by divine providence
             ... invoked by an orc priest
              (13 damage)
             ... on level 2 of the Dungeon.
             The game lasted 00:04:07 (1727 turns).

Clowwww the Chopper (Demonspawn Gladiator)          Turns: 1727, Time: 00:04:08

Health: -8/27      AC:  5    Str: 15    XL:     3   Next: 62%
Magic:  3/3        EV: 13    Int:  9    God:
Gold:   26         SH:  0    Dex: 14    Spells: 2/2 levels left

rFire    . . .     SeeInvis .   a - +0 war axe
rCold    . . .     Gourm    .   (no shield)
rNeg     . . .     Faith    .   b - +0 leather armour
rPois    .         Spirit   .   c - +0 helmet
rElec    .         Reflect  .   (no cloak)
rCorr    .         Harm     .   (no gloves)
MR       .....                  (no boots)
Stlth    +.........             (no amulet)
HPRegen  0.09/turn              (no ring)
MPRegen  0.08/turn              (no ring)

@: hasted, very quick
A: rugged brown scales 1
a: no special abilities


You were on level 2 of the Dungeon.
You were not hungry.

You visited 1 branch of the dungeon, and saw 2 of its levels.

You collected 26 gold pieces.

Inventory:

Hand Weapons
 a - a +0 war axe (weapon)
Missiles
 d - 3 throwing nets (quivered)
Armour
 b - a +0 leather armour (worn)
 c - a +0 helmet (worn)
Scrolls
 e - 4 scrolls of identify {unknown}
 g - a scroll of enchant weapon {unknown}
 h - a scroll of remove curse {unknown}
 i - a scroll of fear {unknown}
 j - 3 scrolls of teleportation {unknown}
 l - a scroll of immolation {unknown}
 p - a scroll of enchant armour {unknown}
 s - a scroll of noise {unknown}
Potions
 k - a potion of haste
 m - a potion of resistance {unknown}
 n - a potion of might {unknown}
 o - a potion of heal wounds {unknown}
 r - a potion of flight {unknown}
 t - a potion of degeneration {unknown}
Comestibles
 f - 7 rations
 q - 2 chunks of flesh


   Skills:
 + Level 2.1 Fighting
 + Level 3.3 Axes
 + Level 2.1 Throwing
 + Level 1.0 Armour
 + Level 3.1 Dodging


You had 2 spell levels left.
You didn't know any spells.
Your spell library was empty.

Dungeon Overview and Level Annotations

Branches:
Dungeon (2/15)

Altars:
Vehumet


Innate Abilities, Weirdness & Mutations

You are partially covered in rugged brown scales. (AC +1, +3% HP)


Message History

Some of the chunks of flesh in your inventory have rotted away.
You closely miss the orc priest.
The orc priest hits you but does no damage.
The orc priest closely misses you.
The orc shouts!
The orc priest miscasts a cantrip.
You closely miss the orc wizard.
The orc wizard hits you with a +0 dagger.
The orc priest mumbles some strange prayers to Beogh against you.
Beogh smites you!
* * * LOW HITPOINT WARNING * * *
It was a potion of haste.
You feel yourself speed up.
The orc wizard hits you but does no damage.
You barely miss the orc wizard. You slash the orc priest!
The orc priest is severely wounded.
You hit the orc wizard. The orc wizard closely misses you.
The orc priest mumbles some strange prayers to Beogh against you.
Beogh smites you!
You die...

........#.##.#
.#..#.##.#.##.#
.......#..#.##.# #
.#..#.#..#.##.#####
#.......#..#.##.#...# #
...#..#.#..#.##.#...####
...........#.##.....+...
......#.#..#.##.....####
#....o@................
#..<.#o#..#.##..##.....
.#....#o.........##..##.
.......w?........##..##.
..........##.##..##..##.
....w#.#####............
.#..... .....##..##..##.
.....#..####..........#.
(.......................


You could see a worm, an orc priest, an orc wizard and an orc.

Vanquished Creatures
  An ooze (D:1)
  A worm (D:2)
  2 dart slugs (D:1)
  A leopard gecko (D:1)
  4 giant cockroaches
  4 goblins
  4 hobgoblins
  3 jackals (D:1)
  7 bats
  5 frilled lizards
  6 kobolds (D:1)
  2 rats (D:1)
40 creatures vanquished.

Notes
Turn   | Place    | Note
-------+----------+-------------------------------------------
     0 | D:1      | Clowwww the Demonspawn Gladiator began the quest for the
                  | Orb.
     0 | D:1      | Reached XP level 1. HP: 16/16 MP: 1/1
    14 | D:1      | Noticed a minotaur skeleton
   200 | D:1      | Gained mutation: You are partially covered in rugged brown
                  | scales. (AC +1, +3% HP) [demonic ancestry]
   200 | D:1      | Reached XP level 2. HP: 10/22 MP: 2/2
   679 | D:1      | Reached XP level 3. HP: 21/27 MP: 3/3
  1512 | D:2      | Reached skill level 1 in Armour
  1649 | D:2      | Found a faded altar of an unknown god.
  1660 | D:2      | Became a worshipper of Vehumet
  1660 | D:2      | Reached * piety under Vehumet
  1660 | D:2      | Offered knowledge of Shock by Vehumet.
  1661 | D:2      | Fell from the grace of Vehumet
  1727 | D:2      | Killed from afar by an orc priest

Illustrated notes

Levels and vault maps discovered:
D:1:      shiori_arrival_whats_in_store_for_you, layout_basic, minmay_3d_cube
D:2:      layout_basic, chequers_ecumenical_altar_grove

Skill      XL: |  1  2  3 |
---------------+----------+-----
Throwing       | 2 |  2.1
Dodging        | 3 |  3.1
Axes           | 3 |  3.3
Armour         | 1 |  1.0
Fighting       | |  2.1

Action                   || total
-------------------------++-------
Melee: War axe           ||   122
Invok: Renounce Religion ||     1
  Use: Potion            ||     1
 Stab: Sleeping          ||     1
  Eat: Chunk             ||     3
Armor: Leather armour    ||    45
Dodge: Dodged            ||   112
